 Dungeon Crawl Stone Soup version 0.20.1-1-g8b1a95d (webtiles) character file.

17323 HammerPanzer the Fencer (level 12, -5/116 HPs)
             Began as a Minotaur Berserker on Oct 31, 2017.
             Was a High Priest of Trog.
             Killed from afar by an oklob plant (10 damage)
             ... with a splash of acid
             ... on level 2 of the Lair of Beasts.
             The game lasted 00:39:22 (12096 turns).

HammerPanzer the Fencer (Minotaur Berserker)       Turns: 12096, Time: 00:39:23

Health: -5/116     AC: 21    Str: 29    XL:     12   Next: 17%
Magic:  4/4        EV:  8    Int: 11    God:    Trog [*****.]
Gold:   660        SH:  0    Dex: 10    Spells: 11/11 levels left

rFire    . . .     SeeInvis .   C - +4 scimitar (antimagic)
rCold    + + .     Gourm    .   (no shield)
rNeg     . . .     Faith    .   t - +0 plate armour
rPois    .         Spirit   .   (helmet restricted)
rElec    .         Reflect  .   I - +0 cloak "Cotsoseg" {+Inv Stlth+} (curse)
rCorr    .         Harm     +   i - +0 pair of gloves
MR       .....     Rnd*Rage +   y - +1 pair of boots of Card Tricks {rC+ Str+3 Int+4}
Stlth    ..........             D - amulet of harm
Regen    0.3/turn               w - +6 ring of protection
MPRegen  0.1/turn               F - ring of protection from cold

@: very slightly contaminated
A: retaliatory headbutt, horns 2, berserk 1, blink, clever 1, high mp 1, wild
magic 1, MP-powered wands
a: Blink, Berserk, Trog's Hand, Brothers in Arms, Burn Spellbooks, Renounce
Religion, Evoke Invisibility


You were on level 2 of the Lair of Beasts.
You worshipped Trog.
Trog was extremely pleased with you.
You were hungry.

You visited 2 branches of the dungeon, and saw 13 of its levels.
You also visited: Ossuary.

You collected 660 gold pieces.

Inventory:

Hand Weapons
 l - a +0 scimitar of holy wrath
 C - a +4 antimagic scimitar (weapon)
Missiles
 E - 3 poisoned tomahawks (quivered)
Armour
 i - a +0 pair of gloves (worn)
 j - a +2 ring mail of magic resistance
 t - a +0 plate armour (worn)
 y - the +1 pair of boots of Card Tricks (worn) {rC+ Str+3 Int+4}
   (You found it on level 7 of the Dungeon)

   It affects your strength (+3).
   It affects your intelligence (+4).
   It protects you from cold.
 I - the cursed +0 cloak "Cotsoseg" (worn) {+Inv Stlth+}
   (You found it on level 8 of the Dungeon)

   It lets you turn invisible.
   It makes you more stealthy.
   It has a curse placed upon it.
Jewellery
 p - a +2 ring of protection
 v - an uncursed ring of ice
 w - a +6 ring of protection (left hand)
 D - an amulet of harm (around neck)
 F - a ring of protection from cold (right hand)
Wands
 b - a wand of flame (48/48)
 n - a wand of polymorph (8/24)
 o - a wand of acid (8/15)
 u - a wand of flame (15/48)
 x - a wand of random effects (22/48)
 H - a wand of iceblast (10/15)
 K - a wand of flame (28/48)
 O - a wand of flame (18/48)
Scrolls
 e - 7 scrolls of teleportation
 m - 3 scrolls of remove curse
 A - 3 scrolls of identify
 G - 2 scrolls of magic mapping
 J - a scroll of random uselessness {unknown}
 L - a scroll of torment {unknown}
Potions
 d - a potion of agility
 f - 2 potions of haste
 g - 6 potions of might
 h - a potion of invisibility
 k - a potion of cancellation
 s - 7 potions of curing
 z - a potion of lignification
Comestibles
 c - 13 bread rations
 q - 2 fruits
 r - 11 meat rations
 M - a royal jelly
 N - 9 chunks of flesh


   Skills:
 + Level 13.8 Fighting
 * Level 18.3 Long Blades
 - Level 2.4 Armour
 - Level 2.1 Dodging


You had 11 spell levels left.
You didn't know any spells.

Dungeon Overview and Level Annotations

Branches:
Dungeon (10/15)            Temple (0/1) D:5            Lair (3/6) D:10
    Orc (0/2) D:10
  Swamp: Lair:2-4    Shoals: Lair:2-4     Snake: Lair:2-4    Spider: Lair:2-4

Altars:
Ashenzari
Cheibriados
Elyvilon
Kikubaaqudgha
Okawaru
Qazlal
Ru
Sif Muna
Uskayaw
Yredelemnul

Shops:
D:6 [

Annotations:
Lair:2 exclusion: oklob plant


Innate Abilities, Weirdness & Mutations

You reflexively headbutt those who attack you in melee.
You have a pair of horns on your head.
You tend to lose your temper in combat.
You can translocate small distances at will.
Your mind is acute. (Int +2)
You have an increased reservoir of magic. (+10% MP)
Your spells are a little harder to cast, but a little more powerful.
You expend magic power (3 MP) to strengthen your wands.


Message History

The fungus is engulfed in calcifying dust.
The black mamba is engulfed in calcifying dust. x2
The fungus is engulfed in calcifying dust.
The fungus turns to stone!
The hippogriff is engulfed in calcifying dust.
The hippogriff is moving more slowly.
The fungus is engulfed in calcifying dust.
The catoblepas breathes a plume of calcifying dust at you.
The blast of calcifying dust hits the hippogriff.
The blast of calcifying dust hits you!
You recover from your berserk rage.
There is an escape hatch in the ceiling here.
The hippogriff stops moving altogether!
The hippogriff is engulfed in calcifying dust.
A mysterious force pulls you upwards. The hatch slams shut behind you.
Marking area around the oklob plant as unsafe for travelling.
An oklob plant comes into view.
The oklob plant spits acid at you. The splash of acid hits you!
You die...

## .. .#
##.# .
#..###
....###....#
.......@.#
###.......#
#.......#
#......##
#......#
#......P.
##...####
..P.


You could see an oklob plant.

Vanquished Creatures
  Fannar (D:10)
  A hydra (Lair:2)
  A two-headed ogre (D:8)
  An unseen horror (D:10)
  8 elephants (Lair:2)
  A centaur skeleton (D:10)
  A spiny frog (Lair:1)
  A komodo dragon (Lair:1)
  A troll (D:10)
  Prince Ribbit (D:5)
  Grinder (D:6)
  4 hippogriffs
  3 blink frogs (Lair:1)
  A spriggan (Lair:2)
  Sigmund (D:5)
  A basilisk (Lair:2)
  11 yaks
  Eustachio (D:6)
  2 hungry ghosts
  Grum (Lair:1)
  4 wargs (D:10)
  An acid dragon (D:10)
  2 water moccasins
  3 porcupines
  Duvessa (D:4)
  4 orc warriors
  2 sky beasts (D:6)
  A necrophage (D:10)
  4 ice beasts
  5 centaurs
  2 wolves (Lair:1)
  4 ogres
  5 crocodiles
  Blork the orc (D:5)
  5 bullfrogs
  2 elf zombies (Ossuary)
  A gnoll sergeant (D:5)
  Dowan (D:4)
  4 scorpions
  2 electric eels (Lair:1)
  4 crimson imps
  A bullfrog zombie (D:7)
  A quasit (D:8)
  2 jellies
  2 centaur zombies
  8 gnoll shamans (D:5)
  5 orc priests
  7 hounds
  2 human zombies (Ossuary)
  6 orc wizards
  Ijyb (D:3)
  3 iguanas
  8 worker ants
  A big kobold zombie (Ossuary)
  3 mummies (Ossuary)
  A worker ant zombie (D:5)
  A howler monkey skeleton (D:5)
  35 gnolls
  16 adders
  10 river rats (D:6)
  2 shadow imps
  An ooze (D:7)
  3 adder zombies (Ossuary)
  4 worms
  A dart slug (D:3)
  3 leopard geckos
  30 orcs
  7 bats
  4 giant cockroaches
  6 goblins
  8 hobgoblins
  26 jackals
  3 kobolds
  5 quokkas
  2 frilled lizards (D:5)
  4 goblin zombies (Ossuary)
  5 hobgoblin zombies (Ossuary)
  5 jackal zombies (Ossuary)
  6 kobold zombies (Ossuary)
  A leopard gecko skeleton (D:4)
  A leopard gecko zombie (D:6)
  An orc zombie (Ossuary)
  A quokka zombie (Ossuary)
  16 rats
  6 rat zombies (Ossuary)
365 creatures vanquished.

Vanquished Creatures (others)
  45 fungi (Lair:2)
  18 plants (Lair:2)
63 creatures vanquished.

Grand Total: 428 creatures vanquished

Notes
Turn   | Place    | Note
-------+----------+-------------------------------------------
     0 | D:1      | HammerPanzer the Minotaur Berserker began the quest for the Orb.
     0 | D:1      | Reached XP level 1. HP: 19/19 MP: 0/0
     2 | D:1      | Noticed a merfolk
     2 | D:1      | Noticed a vampire
     4 | D:1      | Noticed a dwarf
     4 | D:1      | Noticed a tengu
     6 | D:1      | Noticed a centaur
     8 | D:1      | Noticed an ogre
     8 | D:1      | Noticed a human
    10 | D:1      | Noticed a troll
    10 | D:1      | Noticed a ghoul
    12 | D:1      | Noticed a demigod
    14 | D:1      | Noticed a draconian
    16 | D:1      | Noticed an elf
    16 | D:1      | Noticed a halfling
    18 | D:1      | Noticed an octopode
    18 | D:1      | Noticed a felid
    20 | D:1      | Noticed a formicid
    22 | D:1      | Noticed a minotaur
    22 | D:1      | Noticed a vine stalker
    24 | D:1      | Noticed a demonspawn
    24 | D:1      | Noticed a gargoyle
    26 | D:1      | Noticed a spriggan
    26 | D:1      | Noticed a naga
   381 | D:1      | Reached skill level 4 in Long Blades
   603 | D:1      | Reached XP level 2. HP: 27/27 MP: 1/1
  1115 | D:2      | Reached XP level 3. HP: 30/33 MP: 2/2
  1147 | D:2      | Found a faded altar of an unknown god.
  1189 | D:2      | Reached skill level 5 in Long Blades
  1332 | D:2      | Reached ** piety under Trog
  1343 | D:2      | Found a white marble altar of Elyvilon.
  1757 | D:3      | Reached XP level 4. HP: 35/40 MP: 3/3
  1876 | D:3      | Found a basalt altar of Yredelemnul.
  1981 | D:3      | Noticed Ijyb
  1990 | D:3      | Killed Ijyb
  2306 | D:3      | Reached skill level 6 in Long Blades
  2307 | D:3      | Found an iron altar of Okawaru.
  2464 | D:3      | Reached XP level 5. HP: 47/47 MP: 4/4
  2590 | D:3      | Reached skill level 5 in Fighting
  2959 | D:4      | Found a sand-covered staircase.
  2985 | D:4      | Got a spiked ring mail
  2990 | Ossuary  | Entered an ossuary
  3002 | Ossuary  | Identified the +1 ring mail "Ahimuake" {rN+} (You found it on level 4 of the Dungeon)
  3076 | Ossuary  | Reached skill level 7 in Long Blades
  3076 | Ossuary  | Reached XP level 6. HP: 47/57 MP: 5/5
  3207 | Ossuary  | Reached *** piety under Trog
  3393 | Ossuary  | Reached skill level 8 in Long Blades
  3420 | Ossuary  | Reached XP level 7. HP: 63/63 MP: 6/6
  3553 | D:4      | Noticed Duvessa
  3559 | D:4      | Noticed Dowan
  3569 | D:4      | Killed Duvessa
  3569 | D:4      | Reached **** piety under Trog
  3578 | D:4      | Killed Dowan
  3578 | D:4      | Reached skill level 9 in Long Blades
  3655 | D:4      | Found a hide-covered altar of Uskayaw.
  3795 | D:4      | Found a stormy altar of Qazlal.
  3829 | D:4      | Found a shattered altar of Ashenzari.
  3834 | D:4      | Saw a vision of the Shoals and the Spider Nest.
  3834 | D:4      | Noticed a merfolk siren
  3834 | D:4      | Noticed a merfolk
  3834 | D:4      | Noticed a merfolk siren
  3834 | D:4      | Noticed a merfolk siren
  3834 | D:4      | Noticed a wolf spider
  3834 | D:4      | Noticed a wolf spider
  3834 | D:4      | Noticed a wolf spider
  3834 | D:4      | Noticed a redback
  3834 | D:4      | Noticed a redback
  3834 | D:4      | Noticed a hornet
  3989 | D:5      | Entered Level 5 of the Dungeon
  4005 | D:5      | Noticed Sigmund
  4009 | D:5      | Found an ancient bone altar of Kikubaaqudgha.
  4022 | D:5      | Killed Sigmund
  4022 | D:5      | Reached XP level 8. HP: 51/73 MP: 7/7
  4123 | D:5      | Reached skill level 10 in Long Blades
  4237 | D:5      | Noticed Blork the orc
  4244 | D:5      | Killed Blork the orc
  4637 | D:5      | Reached skill level 11 in Long Blades
  5023 | D:5      | Found a staircase to the Ecumenical Temple.
  5040 | D:5      | Reached ***** piety under Trog
  5100 | D:5      | Noticed Prince Ribbit
  5117 | D:5      | Reached XP level 9. HP: 82/82 MP: 8/8
  5135 | D:5      | Killed Prince Ribbit
  5135 | D:5      | Reached skill level 12 in Long Blades
  5654 | D:5      | Received a gift from Trog
  5933 | D:6      | Gained mutation: You tend to lose your temper in combat. [mutagenic meat]
  5934 | D:6      | Gained mutation: You are partially covered in icy blue scales. (AC +2) [mutagenic meat]
  5935 | D:6      | Gained mutation: Your mind is acute. (Int +2) [mutagenic meat]
  5936 | D:6      | Gained mutation: You have an increased reservoir of magic. (+10% MP) [mutagenic meat]
  5937 | D:6      | Gained mutation: You expend magic power (3 MP) to strengthen your wands. [mutagenic meat]
  5938 | D:6      | Gained mutation: Your mind is very acute. (Int +4) [mutagenic meat]
  5981 | D:7      | Got a pair of encrusted boots
  5992 | D:7      | Identified the +1 pair of boots of Card Tricks {rC+ Str+3 Int+4} (You found it on level 7 of the Dungeon)
  6008 | D:6      | Found Tauva's Armour Emporium.
  6075 | D:6      | Found a sacrificial altar of Ru.
  6081 | D:6      | Noticed Eustachio
  6106 | D:6      | Killed Eustachio
  6140 | D:6      | Reached skill level 13 in Long Blades
  6317 | D:6      | Noticed Grinder
  6324 | D:6      | Killed Grinder
  6324 | D:6      | Reached skill level 10 in Fighting
  6738 | D:6      | Found a deep blue altar of Sif Muna.
  7095 | D:7      | Reached XP level 10. HP: 94/94 MP: 3/10
  7558 | D:8      | Got a bloodstained cloak
  7564 | D:8      | Identified the cursed +0 cloak "Cotsoseg" {+Inv Stlth+} (You found it on level 8 of the Dungeon)
  7584 | D:8      | Reached skill level 14 in Long Blades
  7688 | D:8      | Noticed a two-headed ogre
  7700 | D:8      | Killed a two-headed ogre
  8588 | D:9      | Received a gift from Trog
  8840 | D:9      | Reached skill level 15 in Long Blades
  9123 | D:9      | Found a snail-covered altar of Cheibriados.
  9386 | D:10     | Entered Level 10 of the Dungeon
  9479 | D:10     | Noticed Fannar
  9494 | D:10     | Killed Fannar
  9494 | D:10     | Reached XP level 11. HP: 104/104 MP: 3/11
  9647 | D:10     | Reached skill level 16 in Long Blades
  9772 | D:10     | Lost mutation: You tend to lose your temper in combat. [potion of mutation]
  9772 | D:10     | Lost mutation: Your mind is very acute. (Int +4) [potion of mutation]
  9772 | D:10     | Lost mutation: You are partially covered in icy blue scales. (AC +2) [potion of mutation]
  9772 | D:10     | Gained mutation: You tend to lose your temper in combat. [potion of mutation]
  9772 | D:10     | Gained mutation: You can translocate small distances at will. [potion of mutation]
  9772 | D:10     | Gained mutation: Your spells are a little harder to cast, but a little more powerful. [potion of mutation]
 10062 | D:10     | Killed an unseen horror
 10089 | D:10     | Found a staircase to the Lair.
 10133 | D:10     | Found a staircase to the Orcish Mines.
 10386 | Lair:1   | Entered Level 1 of the Lair of Beasts
 10863 | Lair:1   | Reached skill level 17 in Long Blades
 11185 | Lair:1   | Noticed Grum
 11191 | Lair:1   | Killed Grum
 11522 | Lair:2   | Noticed a four-headed hydra
 11538 | Lair:2   | Killed a six-headed hydra
 11897 | Lair:2   | Received a gift from Trog
 11938 | Lair:2   | Reached XP level 12. HP: 93/115 MP: 4/12
 11952 | Lair:2   | Reached skill level 18 in Long Blades
 12040 | Lair:2   | Noticed a dire elephant
 12075 | Lair:2   | Noticed a catoblepas
 12096 | Lair:2   | Killed from afar by an oklob plant

Skill      XL: |  1  2  3  4  5  6  7  8  9 10 11 12 |
---------------+-------------------------------------+-----
Long Blades    | 4 5 6 7 8 9 11 13 15 17 18 | 18.3
Fighting       | 4 5 6 7 8 10 12 13 | 13.8
Armour         | |  2.4
Dodging        | |  2.1

Action                   |  1- 3 |  4- 6 |  7- 9 | 10-12 || total
-------------------------+-------+-------+-------+-------++-------
Melee: Falchion          |    78 |   187 |   239 |       ||   504
       Headbutt          |    11 |    36 |    79 |    91 ||   217
       Great sword       |       |       |   126 |    75 ||   201
       Scimitar          |       |       |       |   275 ||   275
Throw: Tomahawk          |       |       |     1 |       ||     1
Invok: Burn Spellbooks   |     1 |       |     2 |       ||     3
       Berserk           |       |     2 |    10 |     9 ||    21
 Abil: Blink             |       |       |       |     1 ||     1
  Use: Scroll            |     4 |     3 |     9 |     9 ||    25
       Potion            |       |       |     2 |     4 ||     6
 Stab: Invisible         |       |       |       |     1 ||     1
  Eat: Chunk             |     7 |     6 |    25 |    20 ||    58
       Royal jelly       |       |       |     2 |     1 ||     3
       Fruit             |       |       |       |     3 ||     3
Armor: Animal skin       |     4 |       |       |       ||     4
       Ring mail         |    20 |     5 |       |       ||    25
       Scale mail        |       |     4 |       |       ||     4
       Plate armour      |       |   110 |   237 |   244 ||   591
Dodge: Dodged            |    57 |    78 |   125 |   117 ||   377
       Rpst.: Falchion   |    20 |    15 |    13 |       ||    48
       Great sword       |       |       |    11 |     4 ||    15
       Scimitar          |       |       |       |    16 ||    16
